 Dungeon Crawl Stone Soup version 0.22-a0-482-g76e0a5f (webtiles) character file.

39 Gildenfire the Covered (level 3, -3/23 HPs)
             Began as a Tengu Fighter on June 17, 2018.
             Slain by a gnoll (5 damage)
             ... on level 2 of the Dungeon.
             The game lasted 00:03:24 (449 turns).

Gildenfire the Covered (Tengu Fighter)               Turns: 449, Time: 00:03:25

Health: -3/23      AC:  6    Str: 17    XL:     3   Next: 47%
Magic:  4/4        EV:  7    Int:  8    God:
Gold:   77         SH:  9    Dex: 13    Spells: 2/2 levels left

rFire    . . .     SeeInvis .   a - +0 war axe
rCold    . . .     Gourm    .   c - +0 shield
rNeg     . . .     Faith    .   b - +0 scale mail
rPois    .         Spirit   .   (helmet restricted)
rElec    .         Reflect  .   (no cloak)
rCorr    .         Harm     .   (no gloves)
MR       .....                  (boots unavailable)
Stlth    ..........             (no amulet)
HPRegen  0.07/turn              (no ring)
MPRegen  0.09/turn              (no ring)

@: no status effects
A: beak, talons 3
a: no special abilities


You were on level 2 of the Dungeon.
You were not hungry.

You visited 1 branch of the dungeon, and saw 2 of its levels.

You collected 77 gold pieces.

Inventory:

Hand Weapons
 a - a +0 war axe (weapon)
Armour
 b - a +0 scale mail (worn)
 c - a +0 shield (worn)
Scrolls
 e - 2 scrolls of fear {unknown}
 h - 2 scrolls of amnesia {unknown}
 k - a scroll of remove curse {unknown}
Potions
 d - a potion of might
 j - a potion of mutation {unknown}
Comestibles
 f - 4 rations
 g - 2 chunks of flesh


   Skills:
 + Level 3.5 Fighting
 * Level 2.8 Axes
 + Level 3.6 Armour
 + Level 3.3 Shields


You had 2 spell levels left.
You didn't know any spells.
Your spell library was empty.

Dungeon Overview and Level Annotations

Branches:
Dungeon (2/15)

Altars:


Innate Abilities, Weirdness & Mutations

You have a beak for a mouth.
You have claws for feet.


Message History

You hear a loud clanging noise!
It was a scroll of noise.
You hear a shout!
You hear an angry hiss.
You hear a shout!
You block the gnoll's attack. The gnoll hits you but does no damage.
You barely miss the gnoll. Your kick misses the gnoll.
Your shield and scale mail prevent you from hitting the gnoll.
The gnoll hits you with a whip. You block the gnoll's attack. x2
You closely miss the gnoll. Your kick misses the gnoll. You slash the gnoll!
You closely miss the gnoll. The gnoll hits you but does no damage.
You block the gnoll's attack. x2; The gnoll hits you but does no damage.
The gnoll hits you. The gnoll hits you but does no damage.
You closely miss the gnoll. You hit the gnoll. x2
The gnoll barely misses you. The gnoll closely misses you. The gnoll hits you.
The gnoll hits you with a whip!
* * * LOW HITPOINT WARNING * * *
The gnoll hits you but does no damage.
You can't go down here!
The gnoll closely misses you. The gnoll completely misses you.
You block the gnoll's attack. The gnoll hits you.
You die...

## ## ##.# #(#
... #.#.#.#
#@..#
#....ggg.....#
.....##g..###.#
.... ...... ...
#####.. .. ....
. ..? ..


You could see 4 gnolls.

Vanquished Creatures
  An ooze (D:1)
  2 dart slugs (D:1)
  2 leopard geckos (D:1)
  5 goblins (D:1)
  2 hobgoblins (D:1)
  6 jackals (D:1)
  3 kobolds (D:1)
  2 bats (D:1)
  A frilled lizard (D:1)
  2 rats (D:1)
26 creatures vanquished.

Notes
Turn   | Place    | Note
-------+----------+-------------------------------------------
     0 | D:1      | Gildenfire the Tengu Fighter began the quest for the Orb.
     0 | D:1      | Reached XP level 1. HP: 14/14 MP: 2/2
    73 | D:1      | Reached XP level 2. HP: 16/19 MP: 3/3
   274 | D:1      | Reached XP level 3. HP: 23/23 MP: 4/4
   449 | D:2      | Slain by a gnoll

Vault maps used:
D:1:      giann_bridges
D:2:      old_standard_altar, first_ration

Action                   || total
-------------------------++-------
Melee: War axe           ||    51
       Kick              ||    11
       Peck              ||     4
  Use: Scroll            ||     1
Armor: Scale mail        ||    23
Dodge: Dodged            ||    25
Block: Shield            ||    28

Table legend:
 A = Spawn XP
 B = Non-spawn XP
 C = Spawn XP percentage of total XP
 D = Spawn monster count
 E = Non-spawn monster count
 F = Spawn count percentage of total count
 G = Total turns spent on level
                    A         B        C        D         E        F      G
               +---------+---------+-------+---------+---------+-------+---------
         Total |       0 |      57 |   0.0 |       0 |      26 |   0.0 |   449
               +---------+---------+-------+---------+---------+-------+---------
           D:1 |       0 |      57 |   0.0 |       0 |      26 |   0.0 |   444
               +---------+---------+-------+---------+---------+-------+---------
